 Dungeon Crawl Stone Soup version 0.30-a0-983-g7e3032bf44 (webtiles) character file.

Game seed: 17102548925935977452

1492 IndexError the Frost Mage (level 8, -1/43 HPs)
             Began as a Gargoyle Ice Elementalist on Mar 19, 2023.
             Was an Initiate of Gozag.
             Slain by a two-headed ogre
             ... wielding a +0 dire flail
              (3 damage)
             ... on level 5 of the Dungeon on Apr 1, 2023.
             The game lasted 00:15:29 (5479 turns).

IndexError the Frost Mage (GrIE)                    Turns: 5479, Time: 00:15:29

Health: -1/43      AC: 17    Str: 18    XL:     8   Next: 80%
Magic:  13/18      EV: 11    Int: 18    God:    Gozag
Gold:   399        SH:  0    Dex: 15    Spells: 10/21 levels left

rFire   . . .      SeeInvis .    t - +5 dagger (venom)
rCold   + . .      Faith    .    (no shield)
rNeg    + . .      Spirit   .    o - +0 leather armour of Qunkem {rPois rC+ Dex+5}
rPois   ∞          Reflect  .    n - +0 helmet
rElec   +          Rampage  .    a - +0 cloak
rCorr   .                        (no gloves)
Will    .....                    m - +0 pair of boots
Stlth   ++                       (no amulet)
HPRegen 0.27/turn                p - +6 ring of strength
MPRegen 0.16/turn                (no ring)

@: ice-armoured
A: sickness immunity, AC +5, negative energy resistance 1, electricity
resistance, torment resistance 1, petrification resistance
a: Renounce Religion, Potion Petition, Call Merchant, Bribe Branch


You were on level 5 of the Dungeon.
You worshipped Gozag.
Gozag was aware of your devotion.
You visited 1 branch of the dungeon, and saw 5 of its levels.

You collected 562 gold pieces.
You spent 126 gold pieces at shops.
You paid 37 gold pieces to Gozag.

Inventory:

Hand Weapons
 t - a +5 dagger of venom (weapon)
   (You took it off Dowan on level 5 of the Dungeon)
Armour
 a - a +0 cloak (worn)
   (You found it on level 4 of the Dungeon)
 m - a +0 pair of boots (worn)
   (You found it on level 3 of the Dungeon)
 n - a +0 helmet (worn)
   (You took it off Robin on level 3 of the Dungeon)
 o - the +0 leather armour of Qunkem (worn) {rPois rC+ Dex+5}
   (You bought it in a shop on level 3 of the Dungeon)

   Dex:       It affects your dexterity (+5).
   rC:        It protects you from cold.
   rPois:     It protects you from poison.
Jewellery
 p - a +6 ring of strength (left hand)
   (You found it on level 4 of the Dungeon)
Wands
 q - a wand of roots (9)
   (You found it on level 5 of the Dungeon)
 r - a wand of polymorph (3)
   (You found it on level 4 of the Dungeon)
Scrolls
 f - 2 scrolls of vulnerability {!r!r}
 h - 2 scrolls of immolation {!r}
 j - a scroll of blinking {!r}
 k - a scroll of enchant armour {unknown}
 s - 2 scrolls of noise {unknown}
 u - a scroll of amnesia {unknown}
 v - a scroll of poison
Potions
 b - 2 potions of magic
 c - 2 potions of attraction {unknown}
 d - 2 potions of curing
 e - a potion of heal wounds
 g - a potion of flight
 i - 3 potions of ambrosia
 l - a potion of cancellation


   Skills:
 + Level 1.0 Fighting
 - Level 1.5 Dodging
 - Level 2.1 Stealth
 - Level 7.2 Spellcasting
 + Level 0.8 Summonings
 - Level 8.3 Ice Magic


You had 10 spell levels left.
You knew the following spells:

 Your Spells              Type           Power      Damage    Failure   Level
a - Freeze                Ice            100%       1d10      1%          1
b - Frozen Ramparts       Ice            72%        1d11      1%          3
c - Summon Ice Beast      Ice/Summ       23%        N/A       19%         4
A - Ozocubu's Armour      Ice            36%        N/A       1%          3

Your spell library contained the following spells:

 Spells                   Type           Power      Damage    Failure   Level


Dungeon Overview and Level Annotations

Branches:
Dungeon (5/15)             Temple (0/1) D:4

Altars:
Ashenzari
Cheibriados
Gozag
Okawaru
Ru
Uskayaw

Shops:
D:3 [

Annotations:
D:4 1 runed translucent door, pzskc383's ghost, amateur GrFi


Innate Abilities, Weirdness & Mutations

You are immune to sickness and miasma.
Your stone body is resilient. (AC +5)
You are immune to poison.
You resist negative energy. (rN+)
You are resistant to electric shocks. (rElec)
You are resistant to unholy torment.
You are immune to petrification.


Message History

You now have 386 gold pieces (gained 14).
You see here a +2 halberd of pain.
Found a stone staircase leading down.
Okay, then.
As you read the scroll of identify, it crumbles to dust.
e - a potion of heal wounds Blork the orc comes into view.
He is wielding a +0 long sword.
Marking area around Blork the orc as unsafe for travelling.
No reachable target in view!
Blork the orc shouts!
Blork the orc casts a spell at you. The puff of frost hits you. You resist.
You take 1 damage, and have 40/41 hp.
Blork the orc drinks a potion.
Blork the orc's spells are empowered!
Health restored: 41
Casting: Frozen Ramparts (safe; 1% risk of failure)
Confirm with . or Enter, or press ? or * to list all spells.
Casting: Frozen Ramparts (safe; 1% risk of failure)
Press: ? - help, Dir - look around, f - activate The walls around you are covered in ice.
The wall freezes Blork the orc but does no damage.
Blork the orc looks encouraged for a moment.
You now have 15/18 mp.
Casting: Frozen Ramparts (safe; 1% risk of failure)
Confirm with . or Enter, or press ? or * to list all spells.
A film of ice covers your body!
The wall freezes Blork the orc!
You now have 12/18 mp.
You hit Blork the orc.
Blork the orc is poisoned.
The wall freezes Blork the orc!
Blork the orc barely misses you.
You hit Blork the orc.
The wall freezes Blork the orc.
Blork the orc hits you but does no damage.
You hit Blork the orc.
Your Fighting skill increases to level 1!
Health restored: 43 The frozen ramparts melt away.
Your icy armour cracks and falls away as you move.
You now have 392 gold pieces (gained 6).
Things that are here:
a +0 long sword; a +0 robe You now have 399 gold pieces (gained 7).
u - a scroll labelled ZYFUEK IKLA MP restored: 18 You open the door.
There is an open door here.
There is a stone staircase leading down here.
s - 2 scrolls labelled GAJAES SA UDUE (gained 1)
You open the door.
v - a scroll of poison
There is a stone staircase leading down here.
There is an open door here.
A two-headed ogre comes into view.
It is wielding a +0 dire flail and a +0 giant club.
The two-headed ogre shouts in stereo!
A two-headed ogre is nearby!
Things that are here:
a +0 robe; a +0 scythe
Casting: Ozocubu's Armour (safe; 1% risk of failure)
Confirm with . or Enter, or press ? or * to list all spells.
A film of ice covers your body!
You now have 15/18 mp.
Casting: Ozocubu's Armour (safe; 1% risk of failure)
Confirm with . or Enter, or press ? or * to list all spells.
Casting: Frozen Ramparts (safe; 1% risk of failure)
Press: ? - help, Dir - look around, f - activate The walls around you are covered in ice.
You now have 12/18 mp.
The wall freezes the two-headed ogre.
Your icy armour and frozen ramparts will break if you move.
Continue? [Y]es or [N]o only, please.
Your icy armour and frozen ramparts will break if you move.
Continue? [Y]es or [N]o only, please.
Your icy armour and frozen ramparts will break if you move.
Continue?
Okay, then.
The wall freezes the two-headed ogre!
You hit the two-headed ogre.
The two-headed ogre is poisoned.
The wall freezes the two-headed ogre.
The two-headed ogre hits you with a +0 dire flail.
The two-headed ogre hits you with a +0 giant club!
You take 13 damage, and have 30/43 hp.
MASSIVE DAMAGE!!
You hit the two-headed ogre.
The two-headed ogre looks as sick as possible!
The wall freezes the two-headed ogre.
The two-headed ogre hits you with a +0 dire flail!
The two-headed ogre hits you with a +0 giant club!
* * * LOW HITPOINT WARNING * * *
You take 19 damage, and have 11/43 hp.
MASSIVE DAMAGE!!
You are too injured to fight recklessly!
You are too injured to fight recklessly!
You hit the two-headed ogre but do no damage.
The two-headed ogre looks as sick as possible!
You closely miss the two-headed ogre.
The wall freezes the two-headed ogre!
The two-headed ogre misses you.
The two-headed ogre hits you with a +0 giant club!
* * * LOW HITPOINT WARNING * * *
You take 10 damage, and have 1/43 hp.
MASSIVE DAMAGE!!
You hit the two-headed ogre.
The two-headed ogre looks as sick as possible!
The frozen ramparts melt away.
The two-headed ogre hits you with a +0 dire flail.
You die...
Your body crumbles into a pile of gold.

#.#.# #.#.# ##
####.#.# #.
#......# #.
#......# #.
#......# #.
####.#.# ##### ###
#O#.# #...# #..
#@#.###...# #.#
#.#...'...# #.#
##.#####...# #.#
#...####...# #.#
#[....##...######.#
#...#.###.........#
#...#.#############
#...#..............
#...###############


You could see a two-headed ogre (extremely poisoned).

Vanquished Creatures
  Pikel (D:5)
  Sigmund (D:5)
  Duvessa (D:5)
  3 lemures (D:5)
  A phantom (D:2)
  Blork the orc (D:5)
  A scorpion (D:5)
  Dowan (D:5)
  A killer bee (D:5)
  3 jellies
  3 orc priests (D:3)
  A sleepcap (D:5)
  2 orc wizards (D:5)
  Robin (D:3)
  4 gnolls (D:5)
  6 adders
  2 worms
  5 dart slugs
  12 orcs
  7 ball pythons
  5 endoplasms
  3 giant cockroaches
  14 goblins
  11 hobgoblins
  11 jackals
  8 quokkas
  9 bats
  5 frilled lizards
  5 kobolds
  5 rats
133 creatures vanquished.

Vanquished Creatures (others)
  14 plants (D:2)
14 creatures vanquished.

Grand Total: 147 creatures vanquished

Notes
Turn   | Place    | Note
-------+----------+-------------------------------------------
     0 | D:1      | IndexError the Gargoyle Ice Elementalist began the quest
                  | for the Orb.
     0 | D:1      | Reached XP level 1. HP: 10/10 MP: 3/3
   192 | D:1      | Reached XP level 2. HP: 13/15 MP: 5/5
   383 | D:1      | Reached skill level 3 in Spellcasting
   571 | D:1      | Reached XP level 3. HP: 14/19 MP: 7/7
   891 | D:2      | Noticed a phantom
   970 | D:2      | Found a sacrificial altar of Ru.
  1095 | D:2      | Reached XP level 4. HP: 17/24 MP: 7/9
  1189 | D:1      | Learned a level 3 spell: Frozen Ramparts
  1193 | D:1      | Learned a level 3 spell: Ozocubu's Armour
  1356 | D:2      | Killed a phantom
  1357 | D:2      | Reached skill level 4 in Spellcasting
  1357 | D:2      | Reached skill level 5 in Ice Magic
  1357 | D:2      | Reached XP level 5. HP: 24/28 MP: 5/11
  1886 | D:2      | Upgraded the game from 0.30-a0-912-ge10d75a369 to
                  | 0.30-a0-967-g9b59a09336
  2170 | D:3      | Found Geudoh's Antique Armour Shop.
  2328 | D:3      | Reached XP level 6. HP: 32/32 MP: 12/12
  2652 | D:3      | Found an opulent altar of Gozag.
  2652 | D:3      | Found a faded altar of an unknown god.
  2660 | D:3      | Found an iron altar of Okawaru.
  2663 | D:3      | Found a broken altar of Ashenzari.
  2665 | D:3      | Found a hide-covered altar of Uskayaw.
  2755 | D:3      | Became a worshipper of Gozag Ym Sagoz the Greedy
  3048 | D:3      | Noticed Robin
  3066 | D:3      | Killed Robin
  3271 | D:3      | Bought a jet-encrusted leather armour for 126 gold pieces
  3271 | D:3      | Identified the +0 leather armour of Qunkem {rPois rC+
                  | Dex+5} (You bought it in a shop on level 3 of the Dungeon)
  3292 | D:3      | Upgraded the game from 0.30-a0-967-g9b59a09336 to
                  | 0.30-a0-983-g7e3032bf44
  3323 | D:4      | Found a snail-covered altar of Cheibriados.
  3378 | D:4      | Reached skill level 5 in Spellcasting
  3499 | D:4      | Found a runed translucent door.
  3658 | D:4      | Found a staircase to the Ecumenical Temple.
  3784 | D:4      | Reached skill level 6 in Ice Magic
  3914 | D:4      | Noticed pzskc383's ghost (amateur GrFi)
  3924 | D:5      | Entered Level 5 of the Dungeon
  4092 | D:5      | Reached XP level 7. HP: 35/36 MP: 8/14
  4299 | D:5      | Noticed Sigmund
  4309 | D:5      | Killed Sigmund
  4489 | D:5      | Noticed Edmund
  4511 | D:5      | Edmund changed into Edmund the scorpion
  4511 | D:5      | Noticed Edmund
  4514 | D:5      | Killed Edmund the scorpion
  4515 | D:5      | Reached skill level 6 in Spellcasting
  4515 | D:5      | Reached skill level 7 in Ice Magic
  4589 | D:5      | HP: 6/36 [acid (5)]
  4750 | D:5      | Reached XP level 8. HP: 41/41 MP: 10/17
  4816 | D:5      | Noticed Duvessa
  4816 | D:5      | Noticed Dowan
  4838 | D:5      | Killed Duvessa
  4953 | D:5      | Killed Dowan
  5030 | D:5      | Noticed Pikel
  5043 | D:5      | Killed Pikel
  5044 | D:5      | Reached skill level 7 in Spellcasting
  5044 | D:5      | Reached skill level 8 in Ice Magic
  5086 | D:5      | Learned a level 4 spell: Summon Ice Beast
  5199 | D:5      | Noticed Blork the orc
  5213 | D:5      | Killed Blork the orc
  5214 | D:5      | Reached skill level 1 in Fighting
  5465 | D:5      | Noticed a two-headed ogre
  5478 | D:5      | HP: 1/43 [two-headed ogre/+0 dire flail (10)]
  5479 | D:5      | Slain by a two-headed ogre

Illustrated notes

Levels and vault maps discovered:
D:1:      erik_arrival_orb_chamber, layout_basic
D:2:      layout_basic, serial_bayou, serial_bayou_pond_b, serial_bayou_shore_a,
          serial_bayou_shore_b, serial_bayou_pond_a, serial_bayou_shore_b,
          serial_bayou_lagoon_a, basic_altar
D:3:      layout_basic, chequers_temple_overflow_minitemple, serial_shops, shop,
          uniq_robin
D:4:      layout_rooms, cheibriados_altar_1, minmay_temple_entry_fiery,
          ebering_ghost_reflecting_pool
D:5:      layout_basic, st_stairs_10, uniq_edmund, uniq_duvessa,
          uniq_blork_the_orc, uniq_sigmund, uniq_pikel

Skill      XL: |  1  2  3  4  5  6  7  8 |
---------------+-------------------------+-----
Spellcasting   | 3 4 5 6 7 |  7.2
Ice Magic      | 5 6 7 8 |  8.3
Fighting       | 1 |  1.0
Dodging        | |  1.5
Stealth        | |  2.1
Summonings     | |  0.8

Action                     |  1- 3 |  4- 6 |  7- 9 || total
---------------------------+-------+-------+-------++-------
  Melee: Short sword       |    83 |   186 |    40 ||   309
         Club              |     3 |       |       ||     3
         Punch             |     3 |       |       ||     3
         Dagger            |       |       |    17 ||    17
   Cast: Freeze            |     3 |       |       ||     3
         Frozen Ramparts   |       |    12 |    10 ||    22
         Ozocubu's Armour  |       |     4 |     9 ||    13
  Evoke: Wand              |       |       |     3 ||     3
    Use: Scroll            |       |     9 |     1 ||    10
   Stab: Sleeping          |     5 |     4 |       ||     9
 Armour: Robe              |    37 |    54 |       ||    91
         Leather armour    |       |    19 |    15 ||    34
  Dodge: Dodged            |    58 |   101 |    25 ||   184

Table legend: (Time is in decaauts)
 A = Elapsed time spent in this place.
 B = Non-inter-level travel time spent in this place.
 C = Inter-level travel time spent in this place.
 D = Time resting spent in this place.
 E = Time spent auto-exploring this place.
 F = Levels seen in this place.
 G = Mean time per level.
                   A        B        C        D        E       F      G
               +--------+--------+--------+--------+--------+-----+--------+
         Total |   5513 |   4974 |    539 |    103 |   3827 |   5 | 1102.6 |
       Dungeon |   5513 |   4974 |    539 |    103 |   3827 |   5 | 1102.6 |
               +--------+--------+--------+--------+--------+-----+--------+

Top non-repeatable levels by time:
     D:5: 1410 daAuts
     D:3: 1215 daAuts
     D:1: 1087 daAuts
     D:2: 1035 daAuts
     D:4: 765 daAuts

Table legend:
 A = Kills in this place as a percentage of kills in the entire game.
 B = Kills by you in this place as a percentage of kills by you in the entire game.
 C = Kills by friends in this place as a percentage of kills by friends in the entire game.
 D = Other kills in this place as a percentage of other kills in the entire game.
 E = Experience gained in this place as a percentage of experience gained in the entire game.
 F = Experience gained in this place divided by the number of levels of this place that you have seen.
                   A       B       C       D       E      F
               +-------+-------+-------+-------+-------+----------------------
         Total | 100.0 | 100.0 |   N/A |   N/A | 100.0 | 426.4
       Dungeon | 100.0 | 100.0 |   N/A |   N/A | 100.0 | 426.4
               +-------+-------+-------+-------+-------+----------------------
